 Dungeon Crawl Stone Soup version 0.29.1-1-gd02db6906a (webtiles) character file.

Game seed: 15479197764320209243

40 hawla the Conjurer (level 3, 0/27 HPs)
             Began as a Draconian Conjurer on Sept 21, 2022.
             Slain by a ball python (2 damage)
             ... on level 2 of the Dungeon.
             The game lasted 00:03:44 (1632 turns).

hawla the Conjurer (Draconian Conjurer)             Turns: 1632, Time: 00:03:45

Health: 0/27       AC:  5    Str:  9    XL:     3   Next: 30%
Magic:  2/6        EV:  9    Int: 20    God:
Gold:   20         SH:  0    Dex:  9    Spells: 3/6 levels left

rFire   . . .      SeeInvis +   i - +0 long sword
rCold   . . .      Faith    .   (no shield)
rNeg    . . .      Spirit   .   (body armour unavailable)
rPois   .          Reflect  .   (helmet restricted)
rElec   .          Harm     .   (no cloak)
rCorr   .          Rampage  .   (no gloves)
Will    .....                   (no boots)
Stlth   ++........              (no amulet)
HPRegen 0.09/turn               g - ring of see invisible
MPRegen 0.10/turn               (no ring)

@: brilliant, constricted
A: AC +5, unfitting armour, cold-blooded
a: no special abilities


You were on level 2 of the Dungeon.
You visited 1 branch of the dungeon, and saw 2 of its levels.

You collected 20 gold pieces.

Inventory:

Hand Weapons
 i - a +0 long sword (weapon)
Missiles
 f - 5 boomerangs
Jewellery
 g - a ring of see invisible (left hand)
Scrolls
 c - a scroll of brand weapon {unknown}
 e - a scroll of immolation {unknown}


   Skills:
 + Level 0.5 Fighting
 + Level 2.0 Dodging
 + Level 2.0 Stealth
 + Level 2.2 Spellcasting
 + Level 4.7 Conjurations


You had 3 spell levels left.
You knew the following spells:

 Your Spells              Type           Power      Damage    Failure   Level
a - Magic Dart            Conj           100%       1d8       2%          1
b - Searing Ray           Conj           62%        2d6       3%          2

Your spell library contained the following spells:

 Spells                   Type           Power      Damage    Failure   Level
 Dazzling Flash           Conj/Hex       34%        N/A       17%         3
 Fulminant Prism          Conj/Hex       8%         3d7       50%         4
 Iskenderun's Mystic Bla  Conj/Tloc      17%        2d5       50%         4


Dungeon Overview and Level Annotations

Branches:
Dungeon (2/15)

Altars:


Innate Abilities, Weirdness & Mutations

Your plain brown scales are hard. (AC +5)
You cannot fit into any form of body armour.
You are cold-blooded and may be slowed by cold attacks.


Message History

The ball python closely misses you. The ball python constricts you.
The searing ray misses the adder.
The adder completely misses you. The jackal bites you.
* * * LOW HITPOINT WARNING * * *
The jackal bites you but does no damage.
The ball python bites you.
* * * LOW HITPOINT WARNING * * *
The ball python constricts you.
You feel better. The jackal barely misses you.
The adder bites you but does no damage. The jackal barely misses you.
The ball python bites you.
* * * LOW HITPOINT WARNING * * *
The ball python constricts you.
The jackal bites you but does no damage.
The adder closely misses you. The jackal bites you.
* * * LOW HITPOINT WARNING * * *
Casting: Searing Ray (safe; 3% risk of failure)
Confirm with . or Enter, or press ? or * to list all spells.
Aiming: Magic Dart (safe; 2% risk of failure)
Press: ? - help, Shift-Dir - straight line, f/p - adder
Aim: an adder (almost dead, 100% to hit)
You feel a surge of power!
The magic dart hits the adder.
You kill the adder!
The ball python bites you but does no damage.
The ball python constricts you. The jackal bites you.
* * * LOW HITPOINT WARNING * * *
The adder bites you.
* * * LOW HITPOINT WARNING * * *
The jackal barely misses you.
Your Dodging skill increases to level 2!
Casting: Magic Dart (safe; 2% risk of failure)
Confirm with . or Enter, or press ? or * to list all spells.
Aiming: Searing Ray (safe; 3% risk of failure)
Press: ? - help, Shift-Dir - straight line, f - jackal
Aim: a jackal (74% to hit)
You feel a surge of power!
The searing ray hits the jackal!
You kill the jackal! (Press . to maintain the ray.)
The ball python bites you.
You die...

,,,,,,,,,,,,,,,********,*
,,,,**,,,,,,,,,*,....,,,*****
*,*,*,,,,...,,,,,...,,,,,,,,*
*,,,,,,,,....,,*....**,,,,,,*
*,,,,,,,,....,,,...,**,..,,,*
,,*,,**,,.....,*#.#***...,,,*
,,*,,***,.....###.####...,,,*
*,*,,,***##...$.†h......,,,,*
*,,,*,*,,.......@S...#,,,,,,*
,,,,,,,,,.......S....#,,,,,,*
,,,,,,,,,............#,,,,,,*
,,,,,,,,,...#.####.####******
,,,,,,,**.....*#......#
,,,,,,,,>....,##(.....#
,,,,,,**,..#.........<#
,,,,,,,,,#.*..#.......#
,,,,,,,***,*#,#.......#


You could see an adder, a jackal and a ball python.

Vanquished Creatures
  2 adders (D:2)
  3 bats (D:1)
  4 endoplasms (D:1)
  3 goblins (D:1)
  A jackal (D:2)
  3 ball pythons (D:1)
  3 frilled lizards (D:1)
  2 kobolds (D:1)
  4 rats (D:1)
25 creatures vanquished.

Vanquished Creatures (others)
  A withered plant (D:1)
1 creature vanquished.

Grand Total: 26 creatures vanquished

Notes
Turn   | Place    | Note
-------+----------+-------------------------------------------
     0 | D:1      | hawla the Draconian Conjurer began the quest for the Orb.
     0 | D:1      | Reached XP level 1. HP: 14/14 MP: 3/3
   235 | D:1      | Found a faded altar of an unknown god.
   450 | D:1      | Reached XP level 2. HP: 20/20 MP: 1/5
   453 | D:1      | Learned a level 2 spell: Searing Ray
  1617 | D:2      | Reached XP level 3. HP: 17/27 MP: 0/6
  1632 | D:2      | Slain by a ball python

Illustrated notes

Levels and vault maps discovered:
D:1:      lemuel_arrival_room, layout_loops_corners,
          ebering_ecumenical_altar_petrified
D:2:      layout_rooms

Skill      XL: |  1  2  3 |
---------------+----------+-----
Stealth        | 2 |  2.0
Dodging        | 2 |  2.0
Fighting       | |  0.5
Spellcasting   | |  2.2
Conjurations   | |  4.7

Action                   || total
-------------------------++-------
Melee: Unarmed           ||    34
       Long sword        ||    13
       Tailslap          ||     4
       Punch             ||     1
 Cast: Magic Dart        ||    19
       Searing Ray       ||    11
  Use: Potion            ||     4
       Scroll            ||     1
 Stab: Sleeping          ||     4
Armor: Skin              ||    50
Dodge: Dodged            ||    66
